 Dungeon Crawl Stone Soup version 0.30-a0-393-g54b8e3be05 (webtiles) character file.

Game seed: 15488857850871383281

91 ragingrage the Cutter (level 4, -6/39 HPs)
             Began as an Armataur Chaos Knight on Dec 5, 2022.
             Was a Plaything of Xom.
             Blown up by Ijyb (11 damage)
             ... with a mindburst bolt
             ... on level 3 of the Dungeon.
             The game lasted 00:01:54 (1480 turns).

ragingrage the Cutter (Armataur Chaos Knight)       Turns: 1480, Time: 00:01:54

Health: -6/39      AC:  8    Str: 21    XL:     4   Next: 34%
Magic:  4/4        EV: 13    Int: 15    God:    Xom [..*...]
Gold:   69         SH:  0    Dex:  9    Spells: 0/3 levels left

rFire   . . .      SeeInvis .    a - +0 short sword (chaos)
rCold   x . .      Faith    .    (no shield)
rNeg    . . .      Spirit   .    j - +2 leather armour
rPois   .          Reflect  .    (helmet restricted)
rElec   .          Harm     .    (no cloak)
rCorr   .          Roll     +    (no gloves)
Will    .....                    (no barding)
Stlth   +.........               (no amulet)
HPRegen 0.26/turn                n - +4 ring of evasion
MPRegen 0.09/turn                (no ring)

@: no status effects
A: large, rugged brown scales 3, deformed body, armoured tail, roll, long
tongue, awkward tongue, horns 1, iridescent scales 1, clever 1, strong 1, cold
vulnerability 1, MP-powered wands
a: Renounce Religion


You were on level 3 of the Dungeon.
You worshipped Xom.
You were a toy of Xom.
You visited 1 branch of the dungeon, and saw 3 of its levels.

You collected 69 gold pieces.

Inventory:

Hand Weapons
 a - a +0 short sword of chaos (weapon)
 b - a +0 long sword
Missiles
 l - 4 silver javelins (quivered)
Armour
 j - a +2 leather armour (worn)
Jewellery
 n - a +4 ring of evasion (left hand)
Scrolls
 f - a scroll of acquirement {unknown}
 g - a scroll of blinking {unknown}
 i - a scroll of immolation {unknown}
 m - a scroll of teleportation {unknown}
Potions
 d - a potion of brilliance
 e - a potion of cancellation {unknown}
 h - a potion of mutation
Miscellaneous
 c - a piece from Xom's chessboard (15/15)


   Skills:
 - Level 2.8 Fighting
 + Level 4.4 Short Blades
 - Level 2.6 Armour
 - Level 0.9 Dodging


You couldn't memorise any spells.
You knew the following spells:

 Your Spells              Type           Power      Damage    Failure   Level
a - Call Canine Familiar  Summ           0%         N/A       67%         3

Your spell library contained the following spells:

 Spells                   Type           Power      Damage    Failure   Level
 Portal Projectile        Hex/Tloc       0%         N/A       67%         3
 Leda's Liquefaction      Hex/Erth       0%         N/A       97%         4


Dungeon Overview and Level Annotations

Branches:
Dungeon (3/15)

Altars:

Annotations:
D:3 Ijyb


Innate Abilities, Weirdness & Mutations

You are completely covered in rugged brown scales. (AC +3, +7% HP)
Armour fits poorly on your strangely shaped body.
You have a long armoured tail.
You roll when moving toward enemies. (Rampage)
Your long tongue fully drains potion bottles. (2x potion effects)
Your tongue gives you trouble enunciating. (1.5x scroll delay)
You have a pair of small horns on your head.
You are partially covered in iridescent scales. (AC +2)
Your mind is acute. (Int +4, Str/Dex -1)
Your muscles are strong. (Str +4, Int/Dex -1)
You are vulnerable to cold. (rC-)
You expend magic power (3 MP) to strengthen your wands.


Message History

You start memorising the spell.
You continue memorising. x3
You finish memorising.
Spell assigned to 'a'.
You now have 69 gold pieces (gained 12).
Ijyb the Twisted Goblin comes into view.
She is wielding a +0 dagger, wearing a +2 leather armour of poison resistance and carrying a wand of mindburst (12).
Found 11 gold pieces and a runed ring mail.
Ijyb shouts!
Ijyb zaps a wand.
Your mind is blasted!
Ijyb is nearby!
Ijyb is nearby!
You start resting.
Ijyb is nearby!
You roll towards Ijyb!
You miss Ijyb. Ijyb hits you but does no damage.
You barely miss Ijyb. Your headbutt misses Ijyb.
Ijyb zaps a wand.
Your mind is blasted!
You closely miss Ijyb. Ijyb misses you.
You hit Ijyb but do no damage. You closely miss Ijyb.
You headbutt Ijyb, but do no damage.
Ijyb zaps a wand.
You barely resist. You hit Ijyb. You freeze Ijyb.
You headbutt Ijyb, but do no damage.
Ijyb is moderately wounded.
Ijyb hits you with a +0 dagger.
You hit Ijyb but do no damage.
Ijyb is moderately wounded.
Ijyb zaps a wand.
You barely resist. You completely miss Ijyb.
You headbutt Ijyb, but do no damage. You tail-slap Ijyb.
Ijyb is moderately wounded.
You hit Ijyb but do no damage. You headbutt Ijyb.
Your tail-slap misses Ijyb.
Ijyb is heavily wounded.
Ijyb zaps a wand.
Your mind is blasted!
Xom thinks this is hilarious!
You hit Ijyb but do no damage. You headbutt Ijyb.
Ijyb is severely wounded.
Ijyb zaps a wand.
Your mind is blasted!
* * * LOW HITPOINT WARNING * * *
You miss Ijyb. You headbutt Ijyb.
Ijyb is severely wounded.
Ijyb zaps a wand.
Your mind is blasted!
You die...
Xom laughs nastily!

. #+ ###### ..
#.##....####++# ###
...##..#.......#..###...
.........†..............
.................####.#<
.$.....@###......# # #.
......g.# ###....# #.#.
......[.# #....# #...
........#####....#######
........#...............
........#...............
.....####......^........
..... #.........†.....
#...............


You could see Ijyb.

Vanquished Creatures
  2 gnolls
  4 adders
  7 ball pythons
  An endoplasm (D:1)
  3 giant cockroaches (D:1)
  3 goblins
  4 hobgoblins
  3 quokkas
  3 bats
  A frilled lizard (D:1)
  2 kobolds (D:1)
  3 rats
36 creatures vanquished.

Vanquished Creatures (collateral kills)
  A giant cockroach (D:1)
1 creature vanquished.

Vanquished Creatures (others)
  A giant cockroach (D:1)
1 creature vanquished.

Grand Total: 38 creatures vanquished

Notes
Turn   | Place    | Note
-------+----------+-------------------------------------------
     0 | D:1      | ragingrage the Armataur Chaos Knight began the quest for
                  | the Orb.
     0 | D:1      | Reached XP level 1. HP: 19/19 MP: 1/1
    92 | D:1      | Reached XP level 2. HP: 24/26 MP: 2/2
   173 | D:1      | XOM: divination: detect creatures
   269 | D:1      | Reached skill level 3 in Short Blades
   485 | D:1      | XOM: 3-stop teleportation journey
   816 | D:2      | Reached XP level 3. HP: 23/32 MP: 3/3
  1217 | D:2      | Reached skill level 4 in Short Blades
  1367 | D:3      | Reached XP level 4. HP: 9/39 MP: 4/4
  1368 | D:3      | Gained mutation: You are vulnerable to cold. (rC-) [potion
                  | of mutation]
  1368 | D:3      | Gained mutation: You are partially covered in iridescent
                  | scales. (AC +2) [potion of mutation]
  1368 | D:3      | Gained mutation: Your mind is acute. (Int +4, Str/Dex -1)
                  | [potion of mutation]
  1368 | D:3      | Gained mutation: You have a pair of small horns on your
                  | head. [potion of mutation]
  1368 | D:3      | Gained mutation: You expend magic power (3 MP) to
                  | strengthen your wands. [potion of mutation]
  1368 | D:3      | Gained mutation: Your muscles are strong. (Str +4, Int/Dex
                  | -1) [potion of mutation]
  1464 | D:3      | Learned a level 3 spell: Call Canine Familiar
  1466 | D:3      | Noticed Ijyb
  1480 | D:3      | Blown up by Ijyb

Illustrated notes

Levels and vault maps discovered:
D:1:      dpeg_arrival_three_smaller_balls, layout_loops_ring,
          minmay_octomino_c4
D:2:      layout_rooms
D:3:      layout_basic, old_standard_altar,
          hellmonk_okawaru_the_only_friend_you_need, ebering_ghost_rock_garden,
          interstate_on_off, kennysheep_generic_room_5, uniq_robin, uniq_ijyb

Skill      XL: |  1  2  3 |
---------------+----------+-----
Short Blades   | 3 4 |  4.4
Fighting       | |  2.8
Armour         | |  2.6
Dodging        | |  0.9

Action                   |  1- 3 |  4- 6 || total
-------------------------+-------+-------++-------
Melee: Short sword       |   119 |    21 ||   140
       Tailslap          |    13 |     2 ||    15
       Headbutt          |       |     9 ||     9
Throw: Javelin           |     3 |       ||     3
  Use: Potion            |       |     3 ||     3
Armor: Leather armour    |    45 |     6 ||    51
Dodge: Dodged            |    53 |     4 ||    57

Table legend: (Time is in decaauts)
 A = Elapsed time spent in this place.
 B = Non-inter-level travel time spent in this place.
 C = Inter-level travel time spent in this place.
 D = Time resting spent in this place.
 E = Time spent auto-exploring this place.
 F = Levels seen in this place.
 G = Mean time per level.
                   A        B        C        D        E       F      G
               +--------+--------+--------+--------+--------+-----+--------+
         Total |   1455 |   1369 |     86 |    107 |    960 |   3 |  485.0 |
       Dungeon |   1455 |   1369 |     86 |    107 |    960 |   3 |  485.0 |
               +--------+--------+--------+--------+--------+-----+--------+

Top non-repeatable levels by time:
     D:1: 802 daAuts
     D:2: 532 daAuts
     D:3: 120 daAuts
